 Dungeon Crawl Stone Soup version 0.28-a0-919-g0b5b508569 (webtiles) character file.

Game seed: 1758238990553896987

27 siradein the Charlatan (level 2, 0/21 HPs)
             Began as a Demonspawn Artificer on Nov 25, 2021.
             Slain by a quokka (1 damage)
             ... on level 2 of the Dungeon.
             The game lasted 00:04:20 (1626 turns).

siradein the Charlatan (Demonspawn Artificer)       Turns: 1626, Time: 00:04:21

Health: 0/21       AC:  3    Str: 12    XL:     2   Next: 93%
Magic:  2/2        EV: 11    Int: 12    God:
Gold:   41         SH:  0    Dex: 13    Spells: 1/1 levels left

rFire   . . .      SeeInvis .   a - +0 short sword
rCold   . . .      Faith    .   (no shield)
rNeg    . . .      Spirit   .   b - +0 leather armour
rPois   .          Reflect  .   (no helmet)
rElec   .          Harm     .   (no cloak)
rCorr   .          Rampage  .   (no gloves)
Will    .....                   (no boots)
Stlth   +.........              (no amulet)
HPRegen 0.07/turn               (no ring)
MPRegen 0.08/turn               (no ring)

@: no status effects
A: foul stench 1
a: no special abilities


You were on level 2 of the Dungeon.
You visited 1 branch of the dungeon, and saw 2 of its levels.

You collected 41 gold pieces.

Inventory:

Hand Weapons
 a - a +0 short sword (weapon)
Armour
 b - a +0 leather armour (worn)
Wands
 c - a wand of flame (15)
 d - a wand of charming (15)
Scrolls
 f - 4 scrolls of holy word {unknown}
 g - a scroll of noise {unknown}
 h - a scroll of fear {unknown}
 i - a scroll of fog {unknown}
 j - a scroll of torment {unknown}
Miscellaneous
 e - a piece from Xom's chessboard (14/15) (quivered)


   Skills:
 + Level 1.6 Fighting
 + Level 2.1 Armour
 + Level 1.5 Dodging
 - Level 0.8 Stealth
 + Level 3.3 Evocations


You had one spell level left.
You didn't know any spells.
Your spell library was empty.

Dungeon Overview and Level Annotations

Branches:
Dungeon (2/15)

Altars:


Innate Abilities, Weirdness & Mutations

You may rarely emit foul miasma when damaged in melee.


Message History

You are poisoned.
The adder poisons you!
You barely miss the adder.
The adder is lightly wounded.
You feel sick. The quokka misses you. The adder closely misses you.
The quokka bites you.
You miss the adder.
The adder is lightly wounded.
You feel sick. The adder barely misses you. The quokka barely misses you.
Unknown command.
You hit the adder.
The adder is heavily wounded.
You feel sick. The quokka completely misses you. The adder barely misses you.
You closely miss the adder.
The adder is heavily wounded.
You feel sick. The quokka bites you. The adder barely misses you.
The quokka barely misses you.
You closely miss the adder.
The adder is heavily wounded.
You feel sick. The adder bites you but does no damage. The quokka bites you.
* * * LOW HITPOINT WARNING * * *
You miss the adder.
The adder is heavily wounded.
You feel sick.
You are no longer poisoned.
The adder bites you but does no damage. The quokka barely misses you.
You closely miss the adder.
The adder is heavily wounded.
The quokka bites you.
* * * LOW HITPOINT WARNING * * *
The adder bites you but does no damage. The quokka barely misses you.
You hit the adder.
The adder is almost dead.
The adder bites you.
* * * LOW HITPOINT WARNING * * *
The quokka misses you.
You closely miss the adder.
The adder is almost dead.
The adder bites you but does no damage. The quokka bites you.
You die...

##.#.#.# #......
##.....[# #..#.####
........###........
#.............#
###....###.<#.#
..........#..# #
####.........#.###
#.#..........$.
#......@....###
#.#.##r#S......
#.#. #.#..#.### .
#. .....$... 8
.8##....#.###
#........ ..
...#### #. ##.#


You could see an adder (slow) and a quokka.

Vanquished Creatures
  A dart slug (D:1)
  2 ball pythons (D:1)
  2 endoplasms
  A giant cockroach (D:1)
  4 goblins (D:1)
  A hobgoblin (D:1)
  2 quokkas (D:1)
  3 bats (D:1)
  3 frilled lizards (D:1)
  2 kobolds (D:1)
  2 rats (D:1)
23 creatures vanquished.

Notes
Turn   | Place    | Note
-------+----------+-------------------------------------------
     0 | D:1      | siradein the Demonspawn Artificer began the quest for the
                  | Orb.
     0 | D:1      | Reached XP level 1. HP: 15/15 MP: 1/1
   112 | D:1      | Reached skill level 1 in Dodging
   487 | D:1      | Gained mutation: You may rarely emit foul miasma when
                  | damaged in melee. [demonic ancestry]
   487 | D:1      | Reached XP level 2. HP: 11/21 MP: 2/2
   687 | D:1      | Found a faded altar of an unknown god.
  1625 | D:2      | HP: 1/21 [adder (1)]
  1626 | D:2      | Slain by a quokka

Illustrated notes

Levels and vault maps discovered:
D:1:      kilobyte_arrival_exit_the_forest, layout_loops_corners,
          hellmonk_ecumenical_altar_leap_of_faith, minmay_misc_feat_more_columns
D:2:      layout_basic, serial_shops,
          nicolae_shop_temple_entry_statues_fountains

Skill      XL: |  1 |
---------------+----+-----
Dodging        | 1 |  1.5
Armour         | 2 |  2.1
Fighting       | |  1.6
Stealth        | |  0.8
Evocations     | |  3.3

Action                   || total
-------------------------++-------
Melee: Short sword       ||    88
       Dagger            ||     8
       Club              ||     1
Evoke: Piece from Xom's  ||     1
 Stab: Sleeping          ||     2
Armor: Leather armour    ||    27
Dodge: Dodged            ||    77

Table legend: (Time is in decaauts)
 A = Elapsed time spent in this place.
 B = Non-inter-level travel time spent in this place.
 C = Inter-level travel time spent in this place.
 D = Time resting spent in this place.
 E = Time spent auto-exploring this place.
 F = Levels seen in this place.
 G = Mean time per level.
                   A        B        C        D        E       F      G
               +--------+--------+--------+--------+--------+-----+--------+
         Total |   1639 |   1601 |     38 |      0 |   1387 |   2 |  819.5 |
       Dungeon |   1639 |   1601 |     38 |      0 |   1387 |   2 |  819.5 |
               +--------+--------+--------+--------+--------+-----+--------+

Top non-repeatable levels by time:
     D:1: 1555 daAuts
     D:2: 84 daAuts
